 Dungeon Crawl Stone Soup version 0.26-a0-1191-ge2a0e31ab3 (webtiles) character file.

Game seed: 14162580488050138649

98 vvl the Ruffian (level 4, -1/44 HPs)
             Began as a Troll Monk on Dec 28, 2020.
             Killed by divine providence
             ... invoked by an orc priest
              (9 damage)
             ... on level 3 of the Dungeon.
             The game lasted 00:05:18 (1499 turns).

vvl the Ruffian (Troll Monk)                        Turns: 1499, Time: 00:05:19

Health: -1/44      AC:  6    Str: 17 (20) XL:     4   Next: 43%
Magic:  4/4        EV: 10    Int:  4 (6)  God:
Gold:   159        SH:  0    Dex:  9 (12) Spells: 3/3 levels left

rFire    . . .     SeeInvis .     - Unarmed
rCold    . . .     Faith    .   (no shield)
rNeg     . . .     Spirit   .   a - +0 robe
rPois    .         Reflect  .   (helmet restricted)
rElec    .         Harm     .   q - scarf {shadows}
rCorr    .         Rampage  .   (gloves unavailable)
Will     .....                  (boots unavailable)
Stlth    +.........             (no amulet)
HPRegen  0.54/turn              (no ring)
MPRegen  0.09/turn              (no ring)

@: no status effects
A: large, unfitting armour, claws 3, regeneration 1, shaggy fur 1, tough skin 3
a: no special abilities


You were on level 3 of the Dungeon.
You visited 1 branch of the dungeon, and saw 3 of its levels.

You collected 159 gold pieces.

Inventory:

Hand Weapons
 d - a +1 whip of holy wrath
Armour
 a - a +0 robe (worn)
 q - a scarf of shadows (worn)
Jewellery
 l - an uncursed ring of fire {unknown}
 m - an uncursed ring of protection from fire {unknown}
 p - an uncursed ring of poison resistance {unknown}
Scrolls
 e - 2 scrolls of remove curse {unknown}
 f - a scroll of enchant weapon {unknown}
 g - 5 scrolls of identify {unknown}
 h - a scroll of random uselessness {unknown}
 j - 5 scrolls of amnesia {unknown}
 r - a scroll of teleportation {unknown}
Potions
 b - a potion of degeneration
 c - a potion of heal wounds {unknown}
 i - a potion of flight {unknown}
 k - a potion of haste {unknown}
 n - a potion of magic {unknown}
 o - 2 potions of curing


   Skills:
 + Level 2.9 Fighting
 + Level 2.9 Dodging
 - Level 1.0 Stealth
 * Level 4.1 Unarmed Combat
 + Level 1.4 Invocations


You had 3 spell levels left.
You didn't know any spells.
Your spell library was empty.

Dungeon Overview and Level Annotations

Branches:
Dungeon (3/15)

Altars:
Trog
Wu Jian


Innate Abilities, Weirdness & Mutations

You are too large for most types of armour.
You have claws for hands.
Your natural rate of healing is unusually fast.
You are covered in fur. (AC +1)
You have extremely tough skin. (AC +3)


Message History

The orc priest is heavily wounded.
The orc barely misses you. The orc priest hits you.
You barely miss the orc priest.
The orc priest is heavily wounded.
The orc priest mumbles some strange prayers to Beogh against you.
Beogh smites you!
* * * LOW HITPOINT WARNING * * *
The orc misses you.
It was a potion of degeneration.
There was something very wrong with that liquid.
You feel weakened.
You feel dopey.
You feel clumsy. The orc barely misses you.
The orc priest hits you but does no damage.
It was a potion of curing.
You feel better. The orc hits you.
* * * LOW HITPOINT WARNING * * *
The orc priest hits you but does no damage.
The orc curses loudly.
The orc priest mumbles some strange prayers to Beogh against you.
Beogh smites you!
You die...

#.....##....#######
#.....##..........#
#.....##...######.#
####.#####.##
####.# .....<.#
######.#..#
#.##.#.#
#.#....†#.#
#.....)#
#..#.######
.......#
#.####.#oo#
#.##...#
#.#....@#.#
.......#
#..#.####o#
#...>....###### .#
#.####### .# #.. ##
###


You could see an orc priest and an orc.

Vanquished Creatures
  4 adders
  An ooze (D:3)
  3 worms (D:2)
  A dart slug (D:2)
  3 leopard geckos
  11 giant cockroaches
  A goblin (D:3)
  2 hobgoblins
  6 jackals
  2 ball pythons
  3 kobolds
  5 rats
42 creatures vanquished.

Notes
Turn   | Place    | Note
-------+----------+-------------------------------------------
     0 | D:1      | vvl the Troll Monk began the quest for the Orb.
     0 | D:1      | Reached XP level 1. HP: 22/22 MP: 0/0
   533 | D:2      | Reached XP level 2. HP: 25/29 MP: 1/1
   699 | D:2      | Noticed a moth of wrath
   744 | D:2      | Reached XP level 3. HP: 36/36 MP: 2/2
   796 | D:2      | Reached skill level 1 in Invocations
   908 | D:2      | Found a bloodstained altar of Trog.
  1046 | D:2      | Found an ornate altar of the Wu Jian Council.
  1131 | D:2      | Reached XP level 4. HP: 44/44 MP: 3/3
  1359 | D:3      | Reached skill level 4 in Unarmed Combat
  1496 | D:3      | HP: 1/44 [orc priest/divine providence (16)]
  1499 | D:3      | Killed from afar by an orc priest

Illustrated notes

Levels and vault maps discovered:
D:1:      ncdulo_halloftheorcs, layout_basic
D:2:      minmay_roachtagon, layout_basic, tgw_trog, general_overflow_altar,
          minivault_24
D:3:      minmay_angry_zag, layout_loops_cross, uniq_crazy_yiuf_cottage,
          uniq_jessica, uniq_ijyb

Skill      XL: |  1  2  3  4 |
---------------+-------------+-----
Invocations    | 1 |  1.4
Unarmed Combat | 4 |  4.1
Fighting       | |  2.9
Dodging        | |  2.9
Stealth        | |  1.0

Action                   |  1- 3 |  4- 6 || total
-------------------------+-------+-------++-------
Melee: Unarmed           |    97 |    45 ||   142
       Punch             |     2 |       ||     2
  Use: Potion            |       |     2 ||     2
 Stab: Sleeping          |     2 |     2 ||     4
Armor: Robe              |    30 |    18 ||    48
Dodge: Dodged            |    39 |    19 ||    58

Table legend: (Time is in decaauts)
 A = Elapsed time spent in this place.
 B = Non-inter-level travel time spent in this place.
 C = Inter-level travel time spent in this place.
 D = Time resting spent in this place.
 E = Time spent auto-exploring this place.
 F = Levels seen in this place.
 G = Mean time per level.
                   A        B        C        D        E       F      G
               +--------+--------+--------+--------+--------+-----+--------+
         Total |   1489 |   1388 |    101 |      0 |   1093 |   3 |  496.3 |
       Dungeon |   1489 |   1388 |    101 |      0 |   1093 |   3 |  496.3 |
               +--------+--------+--------+--------+--------+-----+--------+

Top non-repeatable levels by time:
     D:2: 810 daAuts
     D:1: 510 daAuts
     D:3: 168 daAuts
